AoeStats
← teccojc

Arabia

510538749Analyzed
1v1 RM · 17h ago on Oct 1, 2026· 32m 36s· 2 players
Game mode
Random Map
Map size
Tiny (2 player)
Population
200
Speed
Normal
Resources
Standard
Victory
Conquest
Starting age
Dark Age
Ending age
Imperial Age
RankedLock teamsTeams togetherTeam positionsShared explorationLock speedFull tech treeHidden civsTurbo modeCheats
Victory
Defeat
🇩🇪 Magyars · Germany
916
+19
🇦🇷 Spanish · Argentina
982
-19
Miss_Mulberry
7:13 Loom
9:36 Feudal Age
16:11 Bloodlines
19:49 Scale Barding Armor
24:21 Castle Age
24:39 Wheelbarrow
24:00 Double-Bit Axe
25:58 Husbandry
26:49 Bow Saw
26:24 Horse Collar
29:14 Chain Barding Armor
teccojc
5:01 Loom
6:48 Loom
9:01 Feudal Age
19:09 Forging
23:23 Castle Age
24:17 Husbandry
27:46 Squires
Connection lost

Rejoining the realm…

Still unreachable

The connection could not be restored.

Session expired

The server has moved on; the page needs a fresh start.